 Dungeon Crawl Stone Soup version 0.28-a0-1339-ga5422284a4 (webtiles) character file.

Game seed: 4881304740114883688

184957 freelancePsychic the Warrior (level 19, -2/191 HPs)
             Began as a Djinni Air Elementalist on Dec 28, 2021.
             Was the Champion of Makhleb.
             Slain by a minotaur simulacrum (10 damage)
             ... summoned by an orange crystal statue
             ... in an ice cave.
             The game lasted 01:17:00 (30975 turns).

freelancePsychic the Warrior (DjAE)                Turns: 30975, Time: 01:17:01

Health: -2/191     AC: 33    Str:  7      XL:     19   Next: 12%
Gold:   1960       EV: 17    Int: 30 (31) God:    Makhleb [******] SH: 13 Dex: 16

rFire   + + +      SeeInvis +     - Unarmed
rCold   + . .      Faith    .   O - +2 kite shield {rC+}
rNeg    + . .      Spirit   .   (armour currently unavailable)
rPois   ∞          Reflect  .   A - +1 helmet "Lamorgho" {Int+3 SInv}
rElec   +          Harm     .   C - +0 cloak
rCorr   .          Rampage  .   (gloves currently unavailable)
Will    +++..                   (boots unavailable)
Stlth   ++........              t - amulet of regeneration
HPRegen 1.21/turn               o - ring of protection from cold
MPRegen 0.00/turn               X - ring "Giucigea" {*Slow rF+ Will++ Int+5}

@: statue-form, spiked, flying, studying 2 skills, very slow
A: slow and powerful, torment resistance 1, flying, boosted hp, sickness
immunity, fire resistance 2, cold vulnerability 1, float, innate caster, hp
casting, extra vitality 1, deterioration 1
a: End Transformation, Renounce Religion, Minor Destruction, Lesser Servant of
Makhleb, Major Destruction, Greater Servant of Makhleb


You were in an ice cave.
You worshipped Makhleb.
Makhleb was exalted by your worship.
You were a living statue of rough stone.
You visited 5 branches of the dungeon, and saw 29 of its levels.
You visited the Abyss 1 time.
You also visited: Gauntlet, Ice Cave and Volcano.

You collected 3515 gold pieces.
You spent 1555 gold pieces at shops.

Inventory:

Missiles
 I - a throwing net
Armour
 a - a +1 robe of the Archmagi
 d - a +2 pair of gloves (melded)
 A - the +1 helmet "Lamorgho" (worn) {Int+3 SInv}
   (You found it in a Gauntlet)

   Int:       It affects your intelligence (+3).
   SInv:      It lets you see invisible.
 C - a +0 cloak (worn)
 L - a +2 troll leather armour (melded)
 O - a +2 kite shield of cold resistance (worn)
Magical Staves
 b - a staff of air
Jewellery
 o - a ring of protection from cold (left fist)
 t - an amulet of regeneration (around neck)
 v - the amulet of the Four Winds {rN+ Will+++ Clar}
   (You took it off a deep elf annihilator on level 3 of the Elven Halls)

   [amulet of nothing]

   rN:        It protects you from negative energy.
   Clar:      It protects you against confusion.
   Will:      It greatly increases your willpower.
 Q - a +6 ring of intelligence
 X - the ring "Giucigea" (right fist) {*Slow rF+ Will++ Int+5}
   (You found it on level 3 of the Abyss)

   [ring of protection from fire]

   Int:       It affects your intelligence (+5).
   rF:        It protects you from fire.
   *Slow:     It may slow you when you take damage.
   Will:      It greatly increases your willpower.
Wands
 B - a wand of iceblast (17)
 M - a wand of digging (5)
 R - a wand of polymorph (24)
 T - a wand of acid (14)
 U - a wand of charming (11)
 W - a wand of mindburst (20)
 Z - a wand of flame (16)
Scrolls
 c - 5 scrolls of fear
 g - 8 scrolls of blinking
 h - 5 scrolls of identify {@r1}
 j - 9 scrolls of teleportation {@r4}
 k - 3 scrolls of magic mapping
 m - 4 scrolls of immolation
 n - 2 scrolls of summoning
 p - a scroll of holy word
 q - 5 scrolls of enchant weapon
 s - 7 scrolls of vulnerability
 G - 6 scrolls of fog
 K - a scroll of noise
 S - a scroll of enchant armour
 Y - 3 scrolls of silence
Potions
 e - 5 potions of brilliance
 f - 14 potions of curing {@q1}
 i - 2 potions of invisibility
 l - 9 potions of attraction
 r - 4 potions of haste {@q3}
 u - 6 potions of heal wounds {@q2}
 w - 3 potions of berserk rage
 x - 6 potions of mutation {unknown}
 z - 6 potions of lignification {unknown}
 D - 10 potions of degeneration
 E - a potion of resistance {unknown}
 H - 6 potions of cancellation
 J - a potion of ambrosia {unknown}
 N - 9 potions of might
 P - 2 potions of magic {unknown}
Miscellaneous
 y - a condenser vane (inert)


   Skills:
 - Level 16.6 Fighting
 - Level 12.0 Dodging
 - Level 1.5 Stealth
 + Level 9.5 Shields
 + Level 13.6 Unarmed Combat
 + Level 16.6 Spellcasting


You had 2 spell levels left.
You knew the following spells:

 Your Spells              Type           Power      Damage    Failure   Level
a - Summon Forest         Summ/Tloc      45%        N/A       1%          5
b - Orb of Destruction    Conj           45%        9d15      3%          7
c - Vampiric Draining     Necr           90%        2d12      0%          3
d - Airstrike             Air            45%        N/A       1%          4
e - Statue Form           Tmut/Erth      60%        N/A       1%          6
f - Dispel Undead         Necr           90%        3d29      1%          4
g - Swiftness             Air            90%        N/A       0%          3
h - Manifold Assault      Tloc           90%        N/A       1%          5
i - Ensorcelled Hibernat  Hex/Ice        100%       N/A       0%          2
j - Shock                 Conj/Air       100%       1d9       0%          1
k - Animate Skeleton      Necr           100%       N/A       0%          1
l - Static Discharge      Conj/Air       90%        N/A       0%          2
m - Dispersal             Tloc           45%        N/A       1%          6
Your spell library was empty.

Dungeon Overview and Level Annotations

Branches:
Dungeon (15/15)            Temple (0/1) D:7            Lair (6/6) D:11
 Shoals (0/4) Lair:4       Spider (3/4) Lair:2        Slime (0/5) Lair:6
    Orc (2/2) D:10            Elf (3/3) Orc:2        Vaults (0/5) D:14
 Depths (0/4) D:15          IceCv (1/1)             Volcano (visited)
Gauntlet (visited)

Altars:
Cheibriados
Dithmenos
Gozag
Makhleb
Ru
Uskayaw
Vehumet
Xom
Beogh

Shops:
D:8 *   D:12 (   D:14 *   Orc:2 [(:[[=   Elf:1 !*[[(   Elf:2 [   Elf:3 (

Annotations:
D:11 Urug
Spider:2 1 runed translucent door, gimp's ghost, adept DgWn
Spider:3 1 runed translucent door, Usoddo Umaf's ghost, adept DrFE
Elf:2 3 runed translucent doors IceCv exclusions: obsidian statue and orange crystal statue


Innate Abilities, Weirdness & Mutations

You are a living statue of rough stone.
Your actions are slow, but your melee attacks are powerful.
You are resistant to unholy torment.
You are flying.
Your maximum health is greatly increased.
Your equipment is partially melded.
You are immune to sickness and miasma.
You are immune to poison.
Your flesh is very heat resistant. (rF++)
You are vulnerable to cold. (rC-)
You float through the air rather than walking.
You learn spells naturally, not from books.
Your magical power is your life essence.
You have superior vitality. (+4 MHP)
Your body sometimes deteriorates upon taking damage.


Message History

The minotaur simulacrum hits you but does no damage.
The minotaur simulacrum gores you. The minotaur simulacrum freezes you!!
You resist.
The barbs in your skin will harm you if you move.
Continue?
The barbed spikes dig painfully into your body as you move.
You block the sixfirhy's attack.
The orange crystal statue glitters.
The deep troll simulacrum bites you! The deep troll simulacrum freezes you!
You resist.
The deep troll simulacrum claws you but does no damage.
You block the deep troll simulacrum's attack.
You block the minotaur simulacrum's attack.
The minotaur simulacrum closely misses you.
The deep troll simulacrum bites you but does no damage.
The deep troll simulacrum barely misses you.
The deep troll simulacrum claws you but does no damage.
You pound the orange crystal statue into fine dust!!!
The orange crystal statue is heavily damaged.
The red devil closely misses you.
The orange crystal statue fixes its piercing gaze on you.
You feel dopey. Something feeds on your intellect!
The minotaur simulacrum hits you!
* * * LOW HITPOINT WARNING * * *
The minotaur simulacrum freezes you! You resist.
* * * LOW HITPOINT WARNING * * *
The minotaur simulacrum gores you!
* * * LOW HITPOINT WARNING * * *
The minotaur simulacrum freezes you! You resist.
* * * LOW HITPOINT WARNING * * *
The deep troll simulacrum closely misses you.
You block the deep troll simulacrum's attack.
The deep troll simulacrum claws you but does no damage.
The minotaur simulacrum hits you!
* * * LOW HITPOINT WARNING * * *
The minotaur simulacrum freezes you! You resist.
* * * LOW HITPOINT WARNING * * *
You block the minotaur simulacrum's attack.
The minotaur simulacrum barely misses you.
The minotaur simulacrum gores you!
You die...

## # #### ####§#.##
##..## #### #8ZZ§...##
#....#####..####8Z§....#
.......##....##§3Z§....#
.∩.∩.......#..§§4§§....#
..........###.§§§.....##
#....##..## ###.......#
##..###### ##......#
#### 8......# #.....##
#....##


You could see an orange crystal statue, a sixfirhy (summoned), a red devil
(summoned), 3 minotaur simulacra and a deep troll simulacrum (summoned).

Vanquished Creatures
  Jorgrun (D:15)
  2 deep elf blademasters (Elf:3)
  Agnes (D:14)
  An azure jelly (Lair:5)
  3 deep elf sorcerers (Elf:3)
  2 emperor scorpions (Spider:1)
  A deep elf elementalist (Elf:3)
  A broodmother (Spider:3)
  10 deep elf demonologists
  2 entropy weavers (Spider:1)
  A lorocyproca (Abyss:3)
  A dire elephant (D:15)
  2 deep elf annihilators (Elf:3)
  A fire dragon (D:14)
  A deep elf high priest (Elf:3)
  6 deep elf death magi
  Josephine (D:12)
  3 rakshasas
  2 boulder beetles
  Erolcha (D:12)
  3 jorogumos (Spider:1)
  11 hydras
  An ogre mage (D:15)
  5 centaur warriors
  A death knight (D:15)
  2 tengu warriors
  9 two-headed ogres
  4 death yaks
  9 dancing weapons
  5 deep elf knights
  4 orc high priests (Orc:2)
  Sonja (D:13)
  3 pharaoh ants (Spider:1)
  A sun moth (Spider:2)
  5 skeletal warriors
  A steelbarb worm (Spider:1)
  A goliath frog (Lair:6)
  A wizard (D:14)
  6 deep elf archers
  An orb spider (Spider:1)
  12 deep elf pyromancers
  3 necromancers (Elf:1)
  16 deep elf zephyrmancers
  6 orc sorcerers
  10 wolf spiders
  8 ugly things
  2 moths of wrath (Spider:2)
  4 manticores
  6 slime creatures
  4 elephants
  3 cyclopes
  An ice statue (Spider:3)
  6 black mambas
  7 torpor snails
  A naga mage (D:15)
  2 gargoyles
  3 demonic crawlers
  25 cane toads
  7 rime drakes
  2 kobold demonologists (D:11)
  3 freezing wraiths
  An unseen horror (shapeshifter) (Elf:3)
  An efreet (D:14)
  8 komodo dragons
  An ice devil (IceCv)
  4 trolls
  3 red devils (Volcano)
  A queen bee (Gauntlet)
  An ancient zyme (Abyss:3)
  3 meliai (Spider:2)
  A hornet (D:9)
  A merfolk (Lair:4)
  4 polar bears
  5 tyrant leeches
  10 tarantellas
  5 dream sheep (Lair:5)
  25 blink frogs
  19 jumping spiders
  An air elemental (Elf:1)
  4 wraiths
  11 culicivoras
  7 spriggans (Lair:1)
  3 starcursed masses (Abyss:3)
  2 vampires
  3 water elementals
  7 wyverns
  A ynoxinul (Abyss:3)
  65 yaks
  2 fire elementals (Elf:1)
  3 basilisks
  A steam dragon (Lair:2)
  A redback simulacrum (D:14)
  4 wargs
  20 redbacks
  11 vampire mosquitoes
  Menkaure (D:5)
  2 swamp worms (Gauntlet)
  2 minotaur simulacra (IceCv)
  A hell hound (Volcano)
  15 water moccasins
  A swamp drake (D:10)
  20 orc warriors
  3 sky beasts
  An ice beast (D:7)
  A black bear (D:6)
  An alligator simulacrum (IceCv)
  5 ogres
  2 necrophages (D:7)
  15 wolves
  7 centaurs
  2 elf zombies (Elf:1)
  2 phantoms
  A kobold brigand (D:11)
  5 gnoll sergeants
  12 bullfrogs
  2 scorpions
  A deep troll simulacrum (IceCv)
  3 earth elementals (Elf:2)
  19 killer bees
  11 wights
  5 howler monkeys
  8 electric eels
  A bullfrog zombie (D:5)
  A centaur zombie (D:8)
  A centaur skeleton (D:4)
  7 hounds
  23 orc priests
  A bullfrog skeleton (D:5)
  8 jellies
  4 iguanas
  Natasha (D:3)
  24 orc wizards
  A killer bee zombie (D:8)
  8 adders
  22 gnolls
  A howler monkey skeleton (D:6)
  A shadow imp (D:5)
  2 white imps (D:6)
  An ufetubus (D:4)
  An adder skeleton (D:4)
  4 worms
  3 dart slugs (D:1)
  65 orcs
  8 ball pythons
  5 bats
  6 endoplasms
  3 giant cockroaches
  5 goblins
  10 hobgoblins
  3 jackals (D:4)
  2 quokkas
  A frilled lizard (D:1)
  14 kobolds
  5 rats
877 creatures vanquished.

Vanquished Creatures (collateral kills)
  Frances (D:14)
  A deep elf sorcerer (Elf:2)
  A ghost moth (Spider:3)
  A minotaur (Gauntlet)
  A deep elf annihilator (Elf:3)
  An ettin (D:14)
  A yaktaur captain (D:14)
  2 hydras
  A centaur warrior (D:15)
  A dancing weapon (Elf:2)
  2 two-headed ogres (D:15)
  2 deep elf knights
  An orb spider (Spider:1)
  2 deep elf archers
  5 deep elf pyromancers
  An orc knight (D:15)
  4 ugly things
  3 deep elf zephyrmancers
  A manticore (D:14)
  2 yaktaurs (D:14)
  A queen bee (shapeshifter) (D:14)
  2 tarantellas (Spider:1)
  A blink frog (Lair:6)
  A slime creature (D:14)
  5 jumping spiders
  3 culicivoras (Spider:3)
  5 yaks (Lair:5)
  3 redbacks
  A water moccasin (Lair:5)
  2 orc warriors
  4 centaurs
  A bullfrog (Lair:6)
  An orc priest (Orc:2)
  The ghost of browni3141 the Skirmisher, a weakling FoMo of Elyvilon (D:14)
  4 orcs
69 creatures vanquished.

Vanquished Creatures (others)
  A deep elf annihilator (Elf:3)
  A large abomination (Elf:1)
  21 fungi
  106 plants
  11 snaplasher vines
140 creatures vanquished.

Grand Total: 1086 creatures vanquished

Notes
Turn   | Place    | Note
-------+----------+-------------------------------------------
     0 | D:1      | freelancePsychic the Djinni Air Elementalist began the
                  | quest for the Orb.
     0 | D:1      | Reached XP level 1. HP: 15/15 MP: 0/0
   421 | D:1      | Reached XP level 2. HP: 21/22 MP: 0/0
   654 | D:1      | Reached skill level 1 in Fighting
   767 | D:1      | Found a faded altar of an unknown god.
   847 | D:1      | Reached XP level 3. HP: 16/27 MP: 0/0
   847 | D:1      | Learned a level 1 spell: Animate Skeleton
  1880 | D:2      | Found a hide-covered altar of Uskayaw.
  2340 | D:2      | Reached XP level 4. HP: 23/32 MP: 0/0
  3332 | D:3      | Reached XP level 5. HP: 30/38 MP: 0/0
  3332 | D:3      | Learned a level 2 spell: Ensorcelled Hibernation
  3502 | D:3      | Found a shimmering altar of Xom.
  3737 | D:3      | Found an opulent altar of Gozag.
  4559 | D:4      | Reached XP level 6. HP: 20/45 MP: 0/0
  5008 | D:4      | Found a shadowy altar of Dithmenos.
  5204 | D:4      | Noticed Natasha
  5251 | D:3      | Killed Natasha
  5252 | D:3      | Reached XP level 7. HP: 48/50 MP: 0/0
  5252 | D:3      | Learned a level 3 spell: Vampiric Draining
  5471 | D:4      | Reached skill level 5 in Spellcasting
  5531 | D:4      | You are sucked into a shaft and drop 1 floor!
  5531 | D:5      | Entered Level 5 of the Dungeon
  5981 | D:5      | Noticed Menkaure
  5998 | D:5      | Killed Menkaure
  6074 | D:5      | Reached XP level 8. HP: 33/58 MP: 0/0
  6615 | D:5      | Reached skill level 5 in Fighting
  6855 | D:6      | Found a burning altar of Makhleb.
  6862 | D:6      | Became a worshipper of Makhleb the Destroyer
  7454 | D:6      | Reached XP level 9. HP: 21/65 MP: 0/0
  7454 | D:6      | Learned a level 4 spell: Dispel Undead
  8663 | D:7      | Found a sacrificial altar of Ru.
  8706 | D:7      | Found a staircase to the Ecumenical Temple.
  9261 | D:8      | Found Fieczij's General Store.
  9316 | D:8      | Bought a scroll of teleportation for 33 gold pieces
  9485 | D:8      | Reached * piety under Makhleb
  9492 | D:8      | Reached skill level 5 in Dodging
  9925 | D:8      | Reached XP level 10. HP: 60/73 MP: 0/0
 10736 | D:9      | Reached skill level 1 in Shields
 10910 | D:9      | Reached ** piety under Makhleb
 11078 | D:9      | Noticed a two-headed ogre
 11082 | D:9      | Killed a two-headed ogre
 11364 | D:10     | Entered Level 10 of the Dungeon
 11364 | D:10     | Noticed a two-headed ogre
 11383 | D:10     | Killed a two-headed ogre
 11467 | D:10     | Noticed a gargoyle
 11471 | D:10     | Killed a gargoyle
 11472 | D:10     | Reached XP level 11. HP: 61/81 MP: 0/0
 11472 | D:10     | Learned a level 5 spell: Manifold Assault
 12151 | D:10     | Noticed a two-headed ogre
 12160 | D:10     | Killed a two-headed ogre
 12232 | D:10     | Reached skill level 10 in Spellcasting
 12852 | D:10     | Found a staircase to the Orcish Mines.
 13326 | D:11     | Noticed a cyan ugly thing
 13334 | D:10     | Killed a cyan ugly thing
 13765 | D:11     | Reached *** piety under Makhleb
 14076 | D:11     | Noticed a two-headed ogre
 14080 | D:11     | Killed a two-headed ogre
 14118 | D:11     | Found a staircase to the Lair.
 14284 | D:11     | Noticed Urug
 14317 | Lair:1   | Entered Level 1 of the Lair of Beasts
 14332 | Lair:1   | Found a dark tunnel.
 14341 | Volcano  | Entered a volcano
 14346 | Volcano  | Reached XP level 12. HP: 79/91 MP: 0/0
 14592 | Lair:1   | Reached skill level 10 in Fighting
 14686 | Lair:1   | Noticed a five-headed hydra
 14710 | Lair:1   | Killed a five-headed hydra
 14837 | Lair:1   | Reached **** piety under Makhleb
 15642 | Lair:2   | Reached XP level 13. HP: 68/98 MP: 0/0
 15642 | Lair:2   | Learned a level 5 spell: Summon Forest
 16147 | Lair:2   | Found a hole to the Spider Nest.
 16271 | Lair:2   | Reached ***** piety under Makhleb
 17050 | Lair:3   | Reached skill level 10 in Dodging
 17219 | Lair:4   | Noticed a five-headed hydra
 17224 | Lair:4   | Killed a five-headed hydra
 17703 | Lair:4   | Noticed a four-headed hydra
 17704 | Lair:4   | Noticed a four-headed hydra
 17711 | Lair:4   | Killed a four-headed hydra
 17712 | Lair:4   | Killed a four-headed hydra
 17974 | Lair:4   | Found a staircase to the Shoals.
 18106 | Lair:5   | Noticed a five-headed hydra
 18109 | Lair:5   | Reached XP level 14. HP: 102/106 MP: 0/0
 18329 | Lair:5   | Noticed an azure jelly
 18339 | Lair:5   | Killed an azure jelly
 19263 | Lair:6   | Entered Level 6 of the Lair of Beasts
 19448 | Lair:6   | Found a staircase to the Slime Pits.
 19666 | Lair:6   | Reached ****** piety under Makhleb
 19941 | Lair:5   | Reached XP level 15. HP: 104/114 MP: 0/0
 19941 | Lair:5   | Learned a level 6 spell: Statue Form
 20163 | Lair:6   | Reached skill level 1 in Unarmed Combat
 20890 | Lair:6   | Upgraded the game from 0.28-a0-1312-g71652a0310 to
                  | 0.28-a0-1339-ga5422284a4
 21068 | D:12     | Found a gate leading to a gauntlet.
 21077 | Gauntlet | Entered a Gauntlet
 21077 | Gauntlet | Found a transporter.
 21077 | Gauntlet | Found a transporter.
 21121 | Gauntlet | Found a transporter.
 21125 | Gauntlet | Found a transporter.
 21133 | Gauntlet | Found a transporter.
 21138 | Gauntlet | Found a transporter.
 21147 | Gauntlet | Found a transporter.
 21166 | Gauntlet | Found a transporter.
 21183 | Gauntlet | Found a transporter.
 21187 | Gauntlet | Found a transporter.
 21196 | Gauntlet | Found a transporter.
 21200 | Gauntlet | Found a transporter.
 21275 | Gauntlet | Reached skill level 15 in Spellcasting
 21291 | Gauntlet | Found a runed translucent door.
 21379 | Gauntlet | Identified the +1 helmet "Lamorgho" {Int+3 SInv}
 21434 | Gauntlet | Found the +2 cloak of the Thief {*Fog Slay-2 SInv Stlth+}
 21483 | D:12     | Noticed Josephine
 21568 | D:12     | Noticed Erolcha
 21579 | D:12     | Killed Erolcha
 21580 | D:12     | Reached skill level 5 in Unarmed Combat
 21602 | D:12     | Killed Josephine
 21870 | D:12     | Found a snail-covered altar of Cheibriados.
 21962 | D:12     | Found Xishowke's Antique Weapon Emporium.
 22117 | D:13     | Noticed Sonja
 22120 | D:13     | Killed Sonja
 22875 | D:14     | Noticed Frances
 22884 | D:14     | Killed Frances
 22885 | D:14     | Reached XP level 16. HP: 124/124 MP: 0/0
 23065 | D:14     | Found a gate to the Vaults.
 23213 | D:14     | Found a runed translucent gate.
 23213 | D:14     | Found a runed translucent gate.
 23213 | D:14     | Found a runed translucent gate.
 23215 | D:14     | Found an opulent altar of Gozag.
 23217 | D:14     | Found Bora's Assorted Antiques.
 23217 | D:14     | Noticed browni3141's ghost (weakling FoMo)
 23229 | D:14     | Killed browni3141's ghost
 23243 | D:14     | Bought a potion of heal wounds for 195 gold pieces
 23243 | D:14     | Bought a fizzy golden potion for 35 gold pieces
 23679 | D:15     | Entered Level 15 of the Dungeon
 23685 | D:15     | Noticed Agnes
 23702 | D:14     | Killed Agnes
 23703 | D:14     | Reached skill level 15 in Fighting
 24280 | D:15     | Noticed Jorgrun
 24298 | D:15     | Killed Jorgrun
 24408 | D:15     | Found a staircase to the Depths.
 24734 | Orc:1    | Entered Level 1 of the Orcish Mines
 24876 | Orc:2    | Entered Level 2 of the Orcish Mines
 24980 | Orc:2    | Found Liavesse's Antique Armour Shop.
 24998 | Orc:2    | Found Kuptan's Jewellery Emporium.
 25065 | Orc:2    | Found a staircase to the Elven Halls.
 25219 | Orc:2    | Reached skill level 10 in Unarmed Combat
 25273 | Orc:2    | Reached XP level 17. HP: 119/133 MP: 0/0
 25273 | Orc:2    | Learned a level 7 spell: Orb of Destruction
 25527 | Orc:2    | Found Waohill's Book Boutique.
 25527 | Orc:2    | Found Targhi Bogad's Antique Armour Boutique.
 25528 | Orc:2    | Found Dimaunon's Antique Weapon Shop.
 25532 | Orc:2    | Found Suysu's Antique Armour Shop.
 25627 | Elf:1    | Entered Level 1 of the Elven Halls
 26024 | Elf:1    | Found Zousywif's Distillery.
 26032 | Elf:1    | Bought a potion of haste for 170 gold pieces
 26032 | Elf:1    | Bought a potion of might for 68 gold pieces
 26032 | Elf:1    | Bought a potion of might for 68 gold pieces
 26032 | Elf:1    | Bought a potion of cancellation for 136 gold pieces
 26032 | Elf:1    | Bought a potion of curing for 51 gold pieces
 26155 | Elf:1    | Found Cianod's Antique Armour Boutique.
 26157 | Elf:1    | Found Irekafuk's Antique Weapon Boutique.
 26157 | Elf:1    | Found Opadunt's Assorted Antiques.
 26162 | Elf:1    | Bought a shiny kite shield for 262 gold pieces
 26173 | Elf:1    | Found Rygg's Armour Shop.
 26179 | Elf:1    | Bought a +1 robe of the Archmagi for 327 gold pieces
 26182 | Elf:1    | Bought a scroll of enchant armour for 210 gold pieces
 26725 | Elf:2    | Found Beofriqu's Armour Shoppe.
 26897 | Elf:2    | Reached skill level 5 in Shields
 26926 | Elf:2    | Found a runed translucent gate.
 26927 | Elf:2    | Found a runed translucent gate.
 26927 | Elf:2    | Found a runed translucent gate.
 27316 | Elf:3    | Entered Level 3 of the Elven Halls
 27433 | Elf:3    | Found Zeruph's Weapon Shop.
 27627 | Elf:3    | Noticed a deep elf blademaster
 27884 | Elf:3    | Reached XP level 18. HP: 70/141 MP: 0/0
 27972 | Elf:3    | Gained mutation: Your body sometimes deteriorates upon
                  | taking damage. [a neqoxec]
 27995 | Elf:3    | Noticed a deep elf blademaster
 28003 | Elf:3    | Killed a deep elf blademaster
 28008 | Elf:3    | Killed a deep elf blademaster
 28100 | Elf:3    | Cast into level 3 of the Abyss (a deep elf demonologist)
 28103 | Abyss:3  | Found a corrupted altar of Lugonu.
 28123 | Abyss:3  | Identified the ring "Giucigea" {*Slow rF+ Will++ Int+5}
 28239 | Elf:3    | Escaped the Abyss
 28266 | Elf:3    | Identified the +3 mace of the Desert {drain, rF+ rC++}
 28488 | Elf:3    | Identified the +1 ring mail of Masochism {-Cast Contam
                  | rElec Dex+6}
 28958 | Spider:1 | Entered Level 1 of the Spider Nest
 30306 | Spider:2 | Identified the +7 rapier of the Middle {freeze, rPois Will+
                  | Int+3}
 30507 | Spider:2 | Reached XP level 19. HP: 147/147 MP: 0/0
 30507 | Spider:2 | Learned a level 6 spell: Dispersal
 30801 | Spider:2 | Found a runed translucent door.
 30802 | Spider:2 | Found a shimmering altar of Xom.
 30802 | Spider:2 | Noticed gimp's ghost (adept DgWn)
 30802 | Spider:2 | Identified the +6 great mace "Atuedian" {chaos, rF+ rC+
                  | Int-3 Dex+2}
 30863 | Spider:3 | Found a runed translucent door.
 30863 | Spider:3 | Noticed Usoddo Umaf's ghost (adept DrFE)
 30910 | Spider:3 | Found a frozen archway.
 30922 | IceCv    | Entered an ice cave
 30975 | IceCv    | HP: 8/191 [minotaur simulacrum[an orange crystal statue]
                  | (7)]
 30975 | IceCv    | Slain by a minotaur simulacrum

Illustrated notes

Levels and vault maps discovered:
D:1:      elethiomel_arrival_quiet, layout_basic, basic_ecumenical_altar
D:2:      layout_basic, basic_altar
D:3:      minmay_spotlight, layout_basic, nicolae_overflow_hidden_temple,
          grunt_gozag_breadcrumbs, minmay_misc_feat_iff, minmay_bisected
D:4:      layout_loops_corners, mainiacjoe_overflow_catwalk,
          nicolae_dithmenos_the_darkroom, lemuel_old_faithful, uniq_natasha
D:5:      layout_basic, uniq_menkaure
D:6:      layout_loops_ring, nicolae_overflow_crystal_walls,
          supply_closet_lemuel, grunt_ministairs_12
D:7:      layout_basic, nicolae_ru_awakened_eye,
          minmay_temple_entry_enclosed_plants, serial_bayou_pond_d
D:8:      layout_loops_cross, serial_shops, nicolae_shop_hallway_plus
D:9:      layout_roguey
D:10:     layout_basic, erik_orc_1, special_room [special_room_orc],
          grunt_decor_cap
D:11:     layout_loops_ring, erik_lair_island, hangedman_glass_teeth,
          nzn_hepliaklqana_mist_gate, uniq_urug
D:12:     layout_cave_pools, gauntlet_entry_generic, serial_shops,
          kennysheep_mini_moat, slow_altar_2, uniq_erolcha, uniq_josephine
D:13:     layout_small_grid, minmay_misc_feat_alley, uniq_sonja
D:14:     layout_rooms, david_vaults_2, serial_co_window_serial,
          co_window_paths_b, co_window_paths_b, co_window_corner_a,
          co_window_paths_b, co_window_paths_b, co_window_paths_b,
          co_window_paths_b, co_window_cross_1, co_window_paths_a,
          co_window_paths_c, co_window_unsneaky_path_d, co_window_cross_4,
          co_window_4corner_a, ebering_ghost_gozag, uniq_frances
D:15:     hangedman_depths_entry_try_elsewhere_first, layout_cave_pools,
          minmay_crystal_room, uniq_agnes, uniq_jorgrun
Lair:1:   kb_forest_paths, layout_gridlike, enter_volcano_2,
          nicolae_lair_lil_pond
Lair:2:   layout_loops_ring, spider_nest_entry_webs
Lair:3:   layout_regular_city
Lair:4:   statuecave_lemuel, layout_long_grid, elwin_shoals_entry_rooms,
          minivault_25, kennysheep_catoblepas_arena
Lair:5:   layout_cave_pods, nicolae_lair_time_for_slime, grunt_megastairs_5,
          serial_bayou_shore_a
Lair:6:   minmay_lair_end_frog_pond, layout_big_grid,
          nicolae_slime_entry_slimehenge, minmay_lair_drake_nest
Spider:1: layout_cave_pods, nicolae_spider_bug_shape
Spider:2: layout_spider_delve, ebering_ghost_xom
Spider:3: layout_spider_delve, portal_ice_cave_entry_ice_statue_one,
          ebering_ghost_inner_flame
Orc:1:    layout_diamond_mine, basic_altar, uniq_nergalle
Orc:2:    st_orc_mages, layout_diamond_mine, guppyfry_orc_lava_fort
Elf:1:    layout_loops_ring, basic_altar, serial_shops, shop,
          minmay_elf_necromancy, nrook_loot_triangle, minmay_elf_sorcery,
          minmay_shoptagon
Elf:2:    nicolae_elf_blades_crystal_corner, layout_loops_corners, serial_shops,
          nicolae_diamond_shop
Elf:3:    grunt_elf_hall_diamonds, layout_loops_corners, serial_shops,
          nicolae_shop_waterfront
IceCv:    ice_cave_small_demon

Skill      XL: |  1  2  3  4  5  6  7  8  9 10 11 12 13 14 15 16 17 18 |
---------------+-------------------------------------------------------+-----
Fighting       | 1 2 3 4 5 6 8 9 10 11 13 14 16 | 16.6
Spellcasting   | 3 4 5 6 8 9 10 12 13 14 15 16 | 16.6
Dodging        | 3 5 6 8 10 12 | 12.0
Shields        | 3 4 6 9 |  9.5
Unarmed Combat | 6 10 11 13 | 13.6
Stealth        | |  1.5

Action                   |  1- 3 |  4- 6 |  7- 9 | 10-12 | 13-15 | 16-18 | 19-21 || total
-------------------------+-------+-------+-------+-------+-------+-------+-------++-------
Melee: Unarmed           |     1 |       |       |       |   184 |  1088 |    54 ||  1327
       Staff             |     6 |     6 |     4 |     3 |     4 |       |       ||    23
 Cast: Shock             |    39 |    24 |    17 |     9 |       |       |       ||    89
       Static Discharge  |    19 |    49 |    34 |    94 |   100 |     6 |       ||   302
       Vampiric Draining |       |       |    47 |    16 |   156 |    12 |       ||   231
       Airstrike         |       |       |    25 |   189 |   369 |    16 |       ||   599
       Dispel Undead     |       |       |    15 |     5 |    21 |     5 |     8 ||    54
       Swiftness         |       |       |       |     2 |       |       |       ||     2
       Ensorcelled Hiber |       |       |       |     1 |       |       |       ||     1
       Summon Forest     |       |       |       |       |    16 |    30 |     2 ||    48
       Manifold Assault  |       |       |       |       |    62 |   457 |    21 ||   540
       Statue Form       |       |       |       |       |    15 |    64 |     5 ||    84
       Orb of Destructio |       |       |       |       |       |    27 |     3 ||    30
 Abil: End Transformatio |       |       |       |       |     3 |     2 |       ||     5
Evoke: Wand              |       |       |       |       |     2 |       |       ||     2
       Condenser vane    |       |       |       |       |       |     1 |       ||     1
  Use: Scroll            |     2 |     1 |     6 |     5 |    11 |     5 |     2 ||    32
       Potion            |       |       |     3 |     1 |     2 |     1 |     1 ||     8
Armor: Robe              |     2 |    18 |    16 |    10 |       |       |       ||    46
       Troll leather arm |       |       |       |    16 |    61 |    13 |       ||    90
       Skin              |       |       |       |       |    92 |   272 |    32 ||   396
Dodge: Dodged            |    15 |    31 |    55 |    71 |   443 |   360 |    38 ||  1013
Block: Other             |       |       |     2 |     8 |       |       |       ||    10
       Reflection        |       |       |       |     4 |     5 |       |       ||     9
       Buckler           |       |       |       |    48 |   319 |    33 |       ||   400
       Kite shield       |       |       |       |       |       |   297 |    32 ||   329

Table legend: (Time is in decaauts)
 A = Elapsed time spent in this place.
 B = Non-inter-level travel time spent in this place.
 C = Inter-level travel time spent in this place.
 D = Time resting spent in this place.
 E = Time spent auto-exploring this place.
 F = Levels seen in this place.
 G = Mean time per level.
                   A        B        C        D        E       F      G
               +--------+--------+--------+--------+--------+-----+--------+
         Total |  33052 |  31563 |   1489 |    573 |  25394 |  33 | 1001.6 |
       Dungeon |  18181 |  17309 |    872 |    154 |  15044 |  15 | 1212.1 |
          Lair |   6701 |   6342 |    359 |    291 |   4767 |   6 | 1116.8 |
   Spider Nest |   2442 |   2387 |     55 |      0 |   1765 |   3 |  814.0 |
  Orcish Mines |   1074 |   1023 |     51 |     17 |    714 |   2 |  537.0 |
   Elven Halls |   3841 |   3691 |    150 |     63 |   2795 |   3 | 1280.3 |
         Abyss |    160 |    160 |      0 |      0 |     94 |   1 |  160.0 |
      Ice Cave |     66 |     66 |      0 |      7 |     19 |   1 |   66.0 |
       Volcano |     94 |     94 |      0 |      0 |     41 |   1 |   94.0 |
      Gauntlet |    489 |    489 |      0 |     40 |    153 |   1 |  489.0 |
               +--------+--------+--------+--------+--------+-----+--------+

Top non-repeatable levels by time:
    D:10: 2233 daAuts
     D:6: 1700 daAuts
   Elf:3: 1667 daAuts
  Lair:5: 1663 daAuts
     D:1: 1641 daAuts
    D:14: 1523 daAuts
     D:3: 1485 daAuts
     D:4: 1387 daAuts
     D:2: 1356 daAuts
  Lair:1: 1248 daAuts
Spider:1: 1213 daAuts
  Lair:6: 1169 daAuts
   Elf:1: 1149 daAuts
     D:8: 1131 daAuts
Spider:2: 1127 daAuts
